 Dungeon Crawl Stone Soup version 0.17.1-3-g152610e (webtiles) character file.

534 pipel the Skirmisher (level 7, -7/38 HPs)
             Began as a Vine Stalker Berserker on Mar 20, 2016.
             Was a Believer of Trog.
             Mangled by a troll (14 damage)
             ... on level 10 of the Dungeon.
             The game lasted 00:10:24 (868 turns).

pipel the Skirmisher (Vine Stalker Berserker)        Turns: 868, Time: 00:10:25

Health: -7/38      AC:  2    Str: 21    XL:     7   Next: 25%
Magic:  0/15       EV: 14    Int:  7    God:    Trog [**....]
Gold:   139        SH:  0    Dex: 16    Spells: 0 memorised, 6 levels left

rFire  . . .     SeeInvis .     a - +12 dagger of Pufuav {pain, MP+9 Dex+2}
rCold  . . .     Rnd*Rage +     n - +0 animal skin
rNeg   . . .     SustAt   .     (no shield)
rPois  .         Gourm    .     (no helmet)
rElec  .         Spirit   +     (no cloak)
rCorr  .         Warding  .     (no gloves)
rMut   .         Stasis   .     (no boots)
MR     .....                    (no amulet)
Stlth  ++........               (no ring)
                                (no ring)

@: not resistant to hostile enchantments, unstealthy
A: fangs 2, berserk 2, low mp 2, regeneration 2, magic shield, antimagic bite,
no device heal 3, rot immunity
a: Berserk, Trog's Hand, Burn Spellbooks, Renounce Religion


You were on level 10 of the Dungeon.
You worshipped Trog.
Trog was pleased with you.
You were not hungry.

You visited 1 branch of the dungeon, and saw 10 of its levels.
You also visited: Sewer.

You collected 139 gold pieces.

Inventory:

Hand Weapons
 a - the +12 dagger of Pufuav (weapon) {pain, MP+9 Dex+2}
   (You found it on level 5 of the Dungeon)

   In the hands of one skilled in necromantic magic, it inflicts extra damage on
   living creatures.
   It affects your dexterity (+2).
   It affects your magic capacity (+9).
 b - a +1 dagger of venom
 o - a +0 mace
 u - a +0 blowgun
Missiles
 e - 21 poisoned needles
 m - 12 needles of slowing
Armour
 n - a +0 animal skin (worn)
Magical Staves
 z - an uncursed staff of air
Wands
 r - a wand of lightning (4)
Scrolls
 g - a scroll of amnesia {unknown}
 k - a scroll of identify {unknown}
 q - a scroll of enchant weapon {unknown}
 t - a scroll of teleportation {unknown}
 v - a scroll of remove curse {unknown}
 w - 2 scrolls of fog {unknown}
 y - a scroll of enchant armour {unknown}
Potions
 h - a potion of degeneration {unknown}
 i - 2 potions of heal wounds {unknown}
 j - 2 potions of flight {unknown}
 p - 2 potions of curing {unknown}
 s - a potion of might {unknown}
Books
 f - a book of the Warp

   Spells                             Type                      Level
   a - Recall                         Summoning/Translocation      3
   b - Gell's Gravitas                Hexes/Translocation          3
   c - Force Lance                    Conjuration/Translocation    4
   d - Phase Shift                    Translocation                5
   e - Warp Weapon                    Charms/Translocation         5
   f - Summon Forest                  Summoning/Translocation      5
   Trog disapproves of the use of such an item.
Miscellaneous
 x - a box of beasts
Comestibles
 c - 2 bread rations
 l - 2 meat rations


   Skills:
 + Level 4.6 Fighting
 * Level 2.4 Short Blades
 - Level 3.9 Maces & Flails
 + Level 1.8 Armour
 + Level 3.5 Dodging
 + Level 1.6 Stealth


You had 6 spell levels left.
You didn't know any spells.

Dungeon Overview and Level Annotations

Branches:
Dungeon (10/15)
 Temple: D:4-7         Lair: D:8-11         Orc: D:9-12

Altars:
Qazlal


Innate Abilities, Weirdness & Mutations

You have extremely sharp teeth.
You heal very quickly.
When hurt, damage is shared between your health and your magic reserves.
Your bite disrupts and absorbs the magic of your enemies.
Potions and wands cannot restore your health.
You are immune to rotting.
You often lose your temper in combat.
Your magical capacity is very low (-20% MP).


Message History

You see here a long sword.
You feel sick.
You are no longer poisoned.
The troll barely misses you. The troll claws you.
* * * LOW HITPOINT WARNING * * *
The troll claws you!
* * * LOW HITPOINT WARNING * * *
Found a scroll labeled SUOJET SYMUHO.
Read which item? (? for menu, Esc to quit)
Okay, then.
A two-headed ogre comes into view. It is wielding two giant clubs.
A yak comes into view.
The yak bellows!
A yak comes into view.
A yak comes into view. x2
Read which item? (? for menu, Esc to quit)
As you read the scroll labeled TOUWUFU MOHUN, it crumbles to dust.
You feel aware of your surroundings.
It was a scroll of magic mapping.
The troll bites you!
You die...

,*,,,,,,,,**,,*,,******,*
*,,,** ,*,,,**,,,**,,,Y.#
*,* *,,,**
,*,,,**,,,**,,,YY# *,*
*,,,** ,*,,,**>,,**,**#Y#
*,* *,,,** ,*,,,**,,,,,,*
#.# *,* *,,,,,
,*,,,**,,***,* #.# *,*
*,,*** ,,,,,**,,* *,* #Y#
*,* *,,* * ,,,,,**,,* *,*
#.# *,****,,* *
,,,,,,,,,* #.* #@#
*,,,,,,,* * ,**,,,,,,*
#.# #T######.,,,,,,* *
,**,,**,,* #?#
#.O......*****,* *
,**,,**,,* #.# #...O....*
*,* * ,**,,**,,* #.#
#........* *,* *
,**,,**,,* #.###..#####.*
*,* * ,**,,**,,* #......#
*,* *,* * ,**,,**,,*
#......# *,* *,***
,**,,*#,,* #.##...# *,*
*,,,>


You could see 5 yaks, a troll and a two-headed ogre.

Vanquished Creatures
  A wasp (D:8)
  A sky beast (D:8)
  2 big kobolds
  A scorpion (D:8)
  A giant frog skeleton (D:9)
  2 worker ants
  A hound zombie (D:5)
  A worker ant zombie (D:8)
  A river rat (Sewer)
  4 adders
  3 giant geckos (D:3)
  3 orcs
  4 giant cockroaches
  5 jackals
  2 quokkas
  A ball python (D:6)
  A bat (D:3)
  A giant newt (D:3)
  2 goblins (D:3)
  9 kobolds
  4 rats (Sewer)
50 creatures vanquished.

Notes
Turn   | Place    | Note
--------------------------------------------------------------
     0 | D:1      | pipel the Vine Stalker Berserker began the quest for the Orb.
     0 | D:1      | Reached XP level 1. HP: 11/11 MP: 2/2
    29 | D:2      | Found a stormy altar of Qazlal.
    91 | D:3      | Reached skill level 3 in Maces & Flails
    91 | D:3      | Reached XP level 2. HP: 16/16 MP: 1/3
   134 | D:3      | Found a glowing drain.
   184 | Sewer    | Entered a sewer
   188 | Sewer    | Reached XP level 3. HP: 16/20 MP: 4/4
   224 | Sewer    | Noticed a big kobold
   236 | Sewer    | Killed a big kobold
   236 | Sewer    | Reached XP level 4. HP: 25/25 MP: 3/5
   240 | Sewer    | Reached ** piety under Trog
   260 | Sewer    | Found a white marble altar of Elyvilon.
   354 | D:4      | Reached XP level 5. HP: 22/29 MP: 6/6
   437 | D:5      | Entered Level 5 of the Dungeon
   481 | D:5      | Got a transparent dagger
   482 | D:5      | Identified the +12 dagger of Pufuav {pain, MP+9 Dex+2} (You found it on level 5 of the Dungeon)
   588 | D:8      | Noticed a wasp
   593 | D:8      | Noticed a sky beast
   593 | D:8      | Killed a wasp
   593 | D:8      | Reached skill level 4 in Fighting
   593 | D:8      | Reached skill level 1 in Short Blades
   593 | D:8      | Gained mutation: You heal very quickly. [Vine Stalker growth]
   593 | D:8      | Reached XP level 6. HP: 29/33 MP: 7/7
   599 | D:8      | Killed a sky beast
   599 | D:8      | Reached skill level 1 in Stealth
   603 | D:8      | Gained mutation: You tend to lose your temper in combat. [mutagenic meat]
   604 | D:8      | Gained mutation: Your magical capacity is low (-10% MP). [mutagenic meat]
   605 | D:8      | Gained mutation: You often lose your temper in combat. [mutagenic meat]
   606 | D:8      | Gained mutation: Your magical capacity is very low (-20% MP). [mutagenic meat]
   702 | D:8      | Reached XP level 7. HP: 23/38 MP: 6/6
   846 | D:10     | Entered Level 10 of the Dungeon
   846 | D:10     | Noticed a troll
   862 | D:10     | Noticed a two-headed ogre
   865 | D:10     | Noticed a yak
   867 | D:10     | Noticed a yak
   867 | D:10     | Noticed a yak
   868 | D:10     | Noticed a yak
   868 | D:10     | Mangled by a troll

Action                   |  1- 3 |  4- 6 |  7- 9 || total
-------------------------+-------+-------+-------++-------
Melee: Mace              |    51 |    32 |       ||    83
       Dagger            |       |    35 |    16 ||    51
Invok: Berserk           |     3 |     1 |       ||     4
  Use: Scroll            |       |       |     1 ||     1
 Stab: Sleeping          |       |     1 |     1 ||     2
  Eat: Chunk             |       |     6 |       ||     6
       Bread ration      |       |       |     1 ||     1
